 Dungeon Crawl Stone Soup version 0.27-a0-906-g0a00ce863d (webtiles) character file.

Game seed: 10504626342182486836

644 mhtbhm the Cudgeller (level 7, -8/44 HPs)
             Began as a Gargoyle Berserker on Apr 7, 2021.
             Was a Priest of Trog.
             Mangled by an orc warrior
             ... wielding a +0 halberd
              (13 damage)
             ... on level 6 of the Dungeon.
             The game lasted 00:04:04 (5033 turns).

mhtbhm the Cudgeller (Gargoyle Berserker)           Turns: 5033, Time: 00:04:04

Health: -8/44      AC: 11    Str: 23    XL:     7   Next: 52%
Magic:  6/7        EV: 14    Int:  7    God:    Trog [***...]
Gold:   182        SH:  4    Dex:  9    Spells: 6/6 levels left

rFire    . . .     SeeInvis .   a - +0 flail
rCold    . . .     Faith    .   (no shield)
rNeg     + . .     Spirit   .   b - +0 scale mail
rPois    ∞         Reflect  .   (no helmet)
rElec    +         Harm     .   (no cloak)
rCorr    +         Rampage  .   (no gloves)
Will     .....                  (no boots)
Stlth    ..........             (no amulet)
HPRegen  0.14/turn              h - ring of resist corrosion
MPRegen  0.10/turn              j - +4 ring of evasion

@: on berserk cooldown, slowed, very slow
A: AC +4, negative energy resistance 1, electricity resistance, torment
resistance 1, unbreathing 1, petrification resistance, talons 1, large bone
plates 1
a: Renounce Religion, Berserk, Trog's Hand


You were on level 6 of the Dungeon.
You worshipped Trog.
Trog was most pleased with you.
You visited 1 branch of the dungeon, and saw 6 of its levels.

You collected 182 gold pieces.

Inventory:

Hand Weapons
 a - a +0 flail (weapon)
Armour
 b - a +0 scale mail (worn)
Jewellery
 h - a ring of resist corrosion (left hand)
 j - a +4 ring of evasion (right hand)
Scrolls
 f - a scroll of immolation {unknown}
 g - 4 scrolls of identify {unknown}
 m - a scroll of enchant weapon {unknown}
 o - a scroll of enchant armour {unknown}
 p - 2 scrolls of teleportation {unknown}
 q - a scroll of acquirement {unknown}
Potions
 c - a potion of resistance
 e - 3 potions of mutation
 i - a potion of heal wounds {unknown}
 k - a potion of brilliance {unknown}
 l - a potion of degeneration {unknown}
 n - a potion of haste {unknown}
 r - a potion of curing {unknown}
 s - a potion of flight {unknown}


   Skills:
 + Level 4.9 Fighting
 + Level 6.4 Maces & Flails
 + Level 3.6 Armour
 + Level 3.1 Dodging


You had 6 spell levels left.
You didn't know any spells.
Your spell library was empty.

Dungeon Overview and Level Annotations

Branches:
Dungeon (7/15)             Temple (0/1) D:4

Altars:
Elyvilon


Innate Abilities, Weirdness & Mutations

Your stone body is resilient. (AC +4)
You are immune to poison.
You resist negative energy. (rN+)
You are resistant to electric shocks. (rElec)
You are resistant to unholy torment.
You can survive without breathing.
You are immune to petrification.
You have sharp toenails.
You are partially covered in large bone plates. (SH +4)


Message History

The orc barely misses you.
You hit the orc warrior but do no damage.
The orc warrior is moderately wounded.
The orc warrior barely misses you.
The orc hits you with a +3 falchion of freezing.
The orc freezes you.
The orc warrior hits you with a +0 halberd!
You are too injured to fight recklessly!
You are too injured to fight recklessly!
You are too injured to fight recklessly!
You are too injured to fight recklessly!
You are too injured to fight recklessly!
You are too injured to fight recklessly!
You are too injured to fight recklessly!
You are too injured to fight recklessly!
You are too injured to fight recklessly!
You are too injured to fight recklessly!
You are too injured to fight recklessly!
You are too injured to fight recklessly!
Unknown command.
The orc warrior closely misses you. The orc misses you.
Okay, then.
Unknown command.
It was a potion of mutation.
You feel extremely strange.
You feel less energetic.
You feel more energetic.
Your toenails lengthen and sharpen.
Large bone plates grow over parts of your arms.
The orc warrior hits you from afar with a +0 halberd!
* * * LOW HITPOINT WARNING * * *
The orc hits you with a +3 falchion of freezing.
* * * LOW HITPOINT WARNING * * *
The orc freezes you.
* * * LOW HITPOINT WARNING * * *
The orc warrior closely misses you. The orc closely misses you.
Unknown command.
Okay, then.
As you read the scroll of summoning, it crumbles to dust.
Wisps of shadow whirl around you...
The orc warrior hits you from afar with a +0 halberd!
You die...

#......# .# #.#.#.#
#.# ##.....# #.# #.
... #...#..# #.#
#.###.# #......###.##
#..#...
####.#.##...###<.....
#Z#...........#...
#h####...####.##.#
#@# #.....<..#.#.#
#o# #.#...........
......oo#
#.#........>.#
..<...o.#
#.##.####.####
####..### #. #.# #.#
#!. .. #)# #.. #.. .#
#.# #### #. . #.# #.
#.#


You could see an orc warrior, an orc priest, 2 orcs, a friendly hound (summoned)
and a friendly howler monkey skeleton (summoned).

Vanquished Creatures
  A necrophage (D:7)
  A phantom (D:7)
  2 bullfrogs (D:7)
  A jelly (D:6)
  A bullfrog zombie (D:7)
  2 orc priests
  Terence (D:3)
  Jessica (D:3)
  An orc wizard (D:3)
  A hound skeleton (D:4)
  4 adders
  An ufetubus (D:3)
  A worm (D:4)
  2 dart slugs
  14 orcs
  5 ball pythons
  5 bats
  6 endoplasms
  3 giant cockroaches
  9 goblins
  2 hobgoblins
  8 jackals
  7 kobolds
  7 frilled lizards
  5 rats
91 creatures vanquished.

Notes
Turn   | Place    | Note
-------+----------+-------------------------------------------
     0 | D:1      | mhtbhm the Gargoyle Berserker began the quest for the Orb.
     0 | D:1      | Reached XP level 1. HP: 14/14 MP: 1/1
   109 | D:1      | Found a faded altar of an unknown god.
   408 | D:1      | Reached XP level 2. HP: 19/19 MP: 2/2
   905 | D:1      | Reached XP level 3. HP: 24/24 MP: 3/3
  1102 | D:1      | Reached ** piety under Trog
  2079 | D:2      | Reached XP level 4. HP: 29/29 MP: 4/4
  2397 | D:3      | Reached skill level 4 in Maces & Flails
  2579 | D:3      | Reached XP level 5. HP: 21/33 MP: 5/5
  3040 | D:3      | Noticed Jessica
  3044 | D:3      | Killed Jessica
  3212 | D:3      | Noticed Terence
  3226 | D:3      | Killed Terence
  3601 | D:3      | Reached XP level 6. HP: 39/39 MP: 6/6
  3768 | D:4      | Reached skill level 5 in Maces & Flails
  3773 | D:4      | Reached *** piety under Trog
  3936 | D:4      | Found a staircase to the Ecumenical Temple.
  4064 | D:4      | Found a white marble altar of Elyvilon.
  4065 | D:4      | You fall into a shaft and drop 3 floors!
  4072 | D:7      | Noticed a necrophage
  4079 | D:7      | Killed a necrophage
  4267 | D:7      | Reached XP level 7. HP: 44/44 MP: 7/7
  4277 | D:7      | Reached skill level 6 in Maces & Flails
  5032 | D:6      | Gained mutation: Your magical capacity is low. (-10% MP)
                  | [potion of mutation]
  5032 | D:6      | Lost mutation: Your magical capacity is low. (-10% MP)
                  | [potion of mutation]
  5032 | D:6      | Gained mutation: You have sharp toenails. [potion of
                  | mutation]
  5032 | D:6      | Gained mutation: You are partially covered in large bone
                  | plates. (SH +4) [potion of mutation]
  5033 | D:6      | Mangled by an orc warrior

Illustrated notes

Levels and vault maps discovered:
D:1:      lemuel_arrival_cross, layout_loops_ring,
          shapermc_ecumenical_altar_venn, amcnicky_mini_pool_small,
          chequers_serial_rivers_small_b
D:2:      layout_basic, kennysheep_generic_room_12
D:3:      layout_basic, wander_ebering_terrifying_dragon_lair, uniq_jessica,
          uniq_terence
D:4:      layout_loops_ring, old_standard_altar, lemuel_temple_firewalk_a
D:6:      layout_loops_ring, minitemple
D:7:      layout_basic

Skill      XL: |  1  2  3  4  5  6  7 |
---------------+----------------------+-----
Fighting       | 4 |  4.9
Dodging        | 2 3 |  3.1
Maces & Flails | 4 5 6 |  6.4
Armour         | 3 |  3.6

Action                   |  1- 3 |  4- 6 |  7- 9 || total
-------------------------+-------+-------+-------++-------
Melee: Mace              |   123 |    26 |       ||   149
       Flail             |       |   140 |    53 ||   193
Invok: Berserk           |     1 |     5 |     2 ||     8
  Use: Scroll            |     1 |       |     1 ||     2
       Potion            |       |     1 |     1 ||     2
 Stab: Sleeping          |     1 |       |       ||     1
Armor: Animal skin       |    49 |       |       ||    49
       Leather armour    |     9 |    46 |       ||    55
       Scale mail        |       |    29 |    19 ||    48
Dodge: Dodged            |    87 |   129 |    43 ||   259

Table legend: (Time is in decaauts)
 A = Elapsed time spent in this place.
 B = Non-inter-level travel time spent in this place.
 C = Inter-level travel time spent in this place.
 D = Time resting spent in this place.
 E = Time spent auto-exploring this place.
 F = Levels seen in this place.
 G = Mean time per level.
                   A        B        C        D        E       F      G
               +--------+--------+--------+--------+--------+-----+--------+
         Total |   5145 |   5145 |      0 |    833 |   3484 |   6 |  857.5 |
       Dungeon |   5145 |   5145 |      0 |    833 |   3484 |   6 |  857.5 |
               +--------+--------+--------+--------+--------+-----+--------+

Top non-repeatable levels by time:
     D:3: 1488 daAuts
     D:1: 1266 daAuts
     D:2: 1057 daAuts
     D:7: 925 daAuts
     D:4: 354 daAuts
     D:6: 54 daAuts
